 Dungeon Crawl Stone Soup version 0.25-a0-785-gb22c70e859 (webtiles) character file.

Game seed: 3626455527767648334, levelgen mode: deterministic

10895 kae the Grappler (level 11, -5/77 HPs)
             Began as a Pale Draconian Transmuter on Apr 17, 2020.
             Was a Believer of Ru.
             Slain by a spiny frog (18 damage)
             ... on level 1 of the Lair of Beasts.
             The game lasted 00:17:24 (12489 turns).

kae the Grappler (Pale Draconian Transmuter)       Turns: 12489, Time: 00:17:24

Health: -5/77      AC: 14    Str: 16    XL:     11   Next: 42%
Magic:  23/23      EV: 16    Int: 14    God:    Ru [**....]
Gold:   764        SH:  0    Dex: 11    Spells: 20/26 levels left

rFire    . . .     SeeInvis +   r - +10 long sword of False Accusations {protect, SInv}
rCold    . . .     Gourm    .   (no shield)
rNeg     . . .     Faith    .   (armour unavailable)
rPois    .         Spirit   .   (helmet restricted)
rElec    .         Reflect  .   (no cloak)
rCorr    .         Harm     .   (no gloves)
MR       .....                  (no boots)
Stlth    +.........             (no amulet)
HPRegen  0.22/turn              v - +4 ring of evasion
MPRegen  0.18/turn              (no ring)

@: short of breath, protection aura, studying Slings
A: breathe steam, unfitting armour, no potion heal 1, cold-blooded, hated by
all, AC +7
a: Breathe Steam, Renounce Religion


You were on level 1 of the Lair of Beasts.
You worshipped Ru.
Ru was pleased with you.
You were very hungry.

You visited 3 branches of the dungeon, and saw 12 of its levels.

You collected 802 gold pieces.
You spent 38 gold pieces at shops.

Inventory:

Hand Weapons
 b - a +1 vorpal spear
 r - the +10 long sword of False Accusations (weapon) {protect, SInv}
   (You took it off an orc warrior on level 9 of the Dungeon)

   It grants its wielder temporary protection when it strikes (+7 to AC).
   It lets you see invisible.
Missiles
 a - 309 arrows
Jewellery
 v - a +4 ring of evasion (left hand)
Wands
 o - a wand of digging (7)
 p - a wand of flame (20)
 s - a wand of clouds (5)
 y - a wand of iceblast (8)
 z - a wand of paralysis (12)
Scrolls
 d - 9 scrolls of identify
 g - 2 scrolls of enchant armour
 h - 2 scrolls of blinking
 l - 5 scrolls of enchant weapon
 n - 4 scrolls of teleportation
 q - 3 scrolls of fog
 x - a scroll of amnesia
 A - 3 scrolls of remove curse
Potions
 e - 3 potions of brilliance
 f - 2 potions of might
 i - a potion of stabbing
 j - a potion of curing
 k - a potion of flight
 m - a potion of invisibility
 t - 3 potions of lignification
 u - a potion of ambrosia
Books
 w - a manual of Slings
Comestibles
 c - 13 rations


   Skills:
 - Level 1.1 Fighting
 - Level 1.7 Dodging
 * Level 13.1 Unarmed Combat
 - Level 8.0 Spellcasting
 + Level 9.6 Transmutations


You had 20 spell levels left.
You knew the following spells:

 Your Spells              Type           Power        Failure   Level  Hunger
a - Beastly Appendage     Tmut           ####..       1%          1    None
b - Sticks to Snakes      Tmut           ####....     1%          2    None
c - Spider Form           Tmut/Pois      ###.......   5%          3    ##.....

Your spell library contained the following spells:

 Spells                   Type           Power        Failure   Level  Hunger
 Blade Hands              Tmut           ####......   7%          5    #####..
 Magic Dart               Conj           #...         13%         1    None
 Shock                    Conj/Air       #...         13%         1    None
 Searing Ray              Conj           #.....       19%         2    None
 Swiftness                Chrm/Air       #.......     19%         2    None
 Ice Form                 Ice/Tmut       ###.....     19%         4    ####...
 Petrify                  Tmut/Erth      ###.....     19%         4    ####...
 Confusing Touch          Hex            #.......     36%         3    ##.....
 Dazzling Flash           Conj/Hex       #.....       36%         3    ##.....
 Gell's Gravitas          Tloc           #.........   36%         3    ##.....
 Static Discharge         Conj/Air       #.......     36%         3    ##.....
 Yara's Violent Unravell  Hex/Tmut       ###.......   45%         5    #####..
 Airstrike                Air            #.........   77%         4    ####...
 Fulminant Prism          Conj/Hex       #.........   77%         4    ####...
 Iskenderun's Mystic Bla  Conj/Tloc      #.......     77%         4    ####...
 Lightning Bolt           Conj/Air       #.........   98%         5    #####..
 Metabolic Englaciation   Hex/Ice        #.........   98%         5    #####..


Dungeon Overview and Level Annotations

Branches:
Dungeon (10/15)            Temple (1/1) D:7            Lair (1/6) D:10
    Orc: D:9-12

Altars:
Ashenzari
Cheibriados
Dithmenos
Elyvilon
Fedhas
Gozag
Hepliaklqana
Kikubaaqudgha
Makhleb
Nemelex Xobeh
Okawaru
Qazlal
Ru
Sif Muna
Trog
Uskayaw
Vehumet
Wu Jian
Xom
Yredelemnul
Zin
The Shining One

Shops:
D:5 %   D:6 *

Annotations:
D:9 2 transporters, SatoMori's ghost, novice HOMo


Innate Abilities, Weirdness & Mutations

You can breathe blasts of scalding, opaque steam.
Your pale cyan-grey scales are hard. (AC +7)
You cannot fit into any form of body armour.
Potions are less effective at restoring your health.
You are cold-blooded and may be slowed by cold attacks.
You are hated by all.


Message History

The ball of steam hits the komodo dragon.
The komodo dragon is moderately wounded.
You feel somewhat more hungry.
The komodo dragon is engulfed in a cloud of scalding steam.
The komodo dragon bites you.
You barely miss the komodo dragon.
The komodo dragon is moderately wounded.
The spiny frog stings you!!
* * * LOW HITPOINT WARNING * * *
You are lethally poisoned!
The spiny frog poisons you!
The komodo dragon is engulfed in a cloud of scalding steam.
The komodo dragon completely misses you.
Your system partially rejects the healing.
You feel better. The spiny frog barely misses you.
You riposte.
You slash the spiny frog!
Your weapon exudes an aura of protection.
The spiny frog is moderately wounded.
The komodo dragon closely misses you. The spiny frog stings you!!
You die...

#+######.#.......##
...#.......##
....#........#
.....#.......##
.....#.......##
..........#
.........##
.#......(######.
P......@.......
......Fl.......
...............
.......§.§.....
...............
.......§§§.....
...............
...............


You could see a komodo dragon and a spiny frog.

Vanquished Creatures
  2 two-headed ogres (D:10)
  An unseen horror (D:9)
  An oklob plant (D:10)
  Maurice (D:9)
  A cyclops (D:9)
  A gargoyle (D:10)
  A centaur skeleton (D:9)
  A komodo dragon (Lair:1)
  A meliai (D:9)
  2 trolls
  Prince Ribbit (D:5)
  Sigmund (D:2)
  2 wyverns (D:8)
  13 yaks
  A hog (shapeshifter) (D:9)
  2 water moccasins
  4 orc warriors
  An ice beast (D:7)
  A phantom (D:8)
  6 ogres
  7 centaurs
  3 bullfrogs
  A crocodile (D:9)
  A wyvern skeleton (D:7)
  2 scorpions (D:7)
  5 killer bees (D:8)
  4 wights
  5 crimson imps
  A quasit (D:6)
  A bullfrog zombie (D:8)
  4 orc priests
  3 jellies
  8 hounds
  5 orc wizards
  2 bullfrog skeletons
  An iguana (D:7)
  4 worker ants
  A worker ant zombie (D:9)
  9 adders
  2 shadow imps
  2 oozes
  2 worms
  4 adder skeletons
  An adder zombie (D:5)
  5 dart slugs
  6 leopard geckos
  41 orcs
  4 ball pythons
  9 giant cockroaches
  8 goblins
  12 hobgoblins
  18 jackals
  6 quokkas
  14 bats
  5 frilled lizards
  A giant cockroach zombie (D:4)
  7 kobolds
  A leopard gecko skeleton (D:5)
  A quokka skeleton (D:4)
  5 rats
  2 plants (D:10)
267 creatures vanquished.

Vanquished Creatures (others)
  An orc wizard (D:8)
  An orc (D:7)
  A plant (D:10)
3 creatures vanquished.

Grand Total: 270 creatures vanquished

Notes
Turn   | Place    | Note
-------+----------+-------------------------------------------
     0 | D:1      | kae the Draconian Transmuter began the quest for the Orb.
     0 | D:1      | Reached XP level 1. HP: 16/16 MP: 3/3
   170 | D:1      | Reached XP level 2. HP: 6/23 MP: 5/5
   807 | D:2      | Reached XP level 3. HP: 24/28 MP: 4/6
   945 | D:2      | Learned a level 2 spell: Sticks to Snakes
   949 | D:2      | Learned a level 3 spell: Spider Form
  1184 | D:2      | Reached skill level 4 in Unarmed Combat
  1430 | D:2      | Reached XP level 4. HP: 35/35 MP: 6/8
  1448 | D:2      | Noticed Sigmund
  1458 | D:2      | Killed Sigmund
  1458 | D:2      | Reached skill level 5 in Unarmed Combat
  1458 | D:2      | Reached XP level 5. HP: 33/40 MP: 5/9
  1891 | D:2      | Reached XP level 6. HP: 28/47 MP: 7/11
  2434 | D:3      | Found a glowing silver altar of Zin.
  3240 | D:4      | Found a radiant altar of Vehumet.
  3337 | D:4      | Found a blossoming altar of Fedhas.
  3574 | D:4      | Found a glowing golden altar of the Shining One.
  3715 | D:5      | Entered Level 5 of the Dungeon
  3737 | D:5      | Reached skill level 6 in Unarmed Combat
  3737 | D:5      | Your scales start taking on a pale cyan-grey colour.
  3737 | D:5      | Reached XP level 7. HP: 37/52 MP: 8/12
  3963 | D:5      | Found Keweelu's Food Shoppe.
  4497 | D:5      | Noticed Prince Ribbit
  4532 | D:5      | Killed Prince Ribbit
  4532 | D:5      | Reached skill level 7 in Unarmed Combat
  4819 | D:5      | Reached skill level 5 in Transmutations
  4819 | D:5      | Reached XP level 8. HP: 49/59 MP: 10/15
  5017 | D:6      | Found Culis's Assorted Antiques.
  5025 | D:6      | Bought a scroll labeled TUUBEUTWEO for 19 gold pieces
  5025 | D:6      | Bought a scroll labeled OPHISTR CENNAVU for 19 gold pieces
  5291 | D:6      | Reached skill level 5 in Spellcasting
  5413 | D:6      | Reached skill level 8 in Unarmed Combat
  6385 | D:7      | Found a staircase to the Ecumenical Temple.
  6425 | Temple   | Entered the Ecumenical Temple
  6529 | Temple   | Became a worshipper of Ru the Awakened
  6554 | D:7      | Found a white marble altar of Elyvilon.
  6582 | D:7      | Reached XP level 9. HP: 51/64 MP: 13/17
  6606 | D:7      | Reached skill level 9 in Unarmed Combat
  6922 | D:7      | Found a stormy altar of Qazlal.
  7740 | D:8      | Found a hide-covered altar of Uskayaw.
  7754 | D:8      | Found a snail-covered altar of Cheibriados.
  7776 | D:8      | Found a shattered altar of Ashenzari.
  7837 | D:8      | Gained mutation: Potions are less effective at restoring
                  | your health. [Ru sacrifice]
  7998 | D:8      | Reached skill level 10 in Unarmed Combat
  8407 | D:8      | Reached XP level 10. HP: 31/71 MP: 16/20
  8671 | D:8      | Found an opulent altar of Gozag.
  8672 | D:8      | Found a glowing silver altar of Zin.
  9220 | D:9      | Reached skill level 11 in Unarmed Combat
  9220 | D:9      | Noticed a guardian serpent
  9220 | D:9      | a queen bee changed into a guardian serpent
  9945 | D:9      | Identified the +10 long sword of False Accusations
                  | {protect, SInv}
 10275 | D:9      | Noticed an unseen horror
 10283 | D:9      | Killed an unseen horror
 10495 | D:9      | Noticed a cyclops
 10527 | D:9      | Reached skill level 12 in Unarmed Combat
 10804 | D:9      | Noticed Maurice
 10810 | D:9      | Killed Maurice
 10820 | D:9      | Noticed SatoMori's ghost (novice HOMo)
 10867 | D:9      | Found a transporter.
 10871 | D:9      | Found a transporter.
 11078 | D:9      | Killed a cyclops
 11078 | D:9      | Reached XP level 11. HP: 9/77 MP: 23/23
 11406 | D:10     | Entered Level 10 of the Dungeon
 11612 | D:10     | Gained mutation: You are hated by all. [Ru sacrifice]
 11612 | D:10     | Reached * piety under Ru
 11612 | D:10     | Reached ** piety under Ru
 11621 | D:10     | Found a staircase to the Lair.
 11624 | D:10     | Noticed an oklob plant
 12161 | D:10     | Noticed a two-headed ogre
 12167 | D:10     | Killed a two-headed ogre
 12383 | D:10     | Killed an oklob plant
 12421 | D:10     | Noticed a two-headed ogre
 12433 | D:10     | Killed a two-headed ogre
 12433 | D:10     | Reached skill level 13 in Unarmed Combat
 12456 | Lair:1   | Entered Level 1 of the Lair of Beasts
 12489 | Lair:1   | Slain by a spiny frog

Levels and vault maps discovered:
D:1:      saegor_arrival_simple_b, layout_rooms, skrybe_limestone_x
D:2:      layout_loops_corners, amethyst_killhole, uniq_sigmund
D:3:      layout_rooms, serial_rivers, chequers_serial_rivers_micro_d,
          chequers_serial_rivers_room_a, chequers_serial_rivers_micro_a,
          chequers_serial_rivers_large_a, chequers_serial_rivers_small_3,
          chequers_serial_rivers_marsh, lemuel_altar_in_water
D:4:      layout_basic, tso_oasis_becter, fedhas_ov_isle_minmay,
          overflow_temple_1_default, first_ration, guppyfry_early_lair_pool
D:5:      layout_rooms, serial_shops, shop_fountains, minmay_liquid_box,
          uniq_prince_ribbit1
D:6:      layout_basic, serial_shops, shop, grunt_decor_mini_mirrors
D:7:      layout_basic, elyvilon_altar_4, kennysheep_little_box,
          minmay_temple_entry_crystal_x
D:8:      layout_loops_cross, grunt_temple_overflow_gold_and_silver,
          grunt_temple_overflow_open
D:9:      minmay_cut_squares, layout_basic, gammafunk_ghost_hive, uniq_maurice
D:10:     layout_roguey, dpeg_oklobed_lair
Temple:   hc_temple_tempest_star
Lair:1:   layout_chaotic_city, uniq_nergalle

Skill      XL: |  1  2  3  4  5  6  7  8  9 10 11 |
---------------+----------------------------------+-----
Unarmed Combat | 4 5 6 7 8 10 12 13 | 13.1
Spellcasting   | 3 4 5 6 8 |  8.0
Transmutations | 3 4 5 6 7 8 9 |  9.6
Fighting       | |  1.1
Dodging        | |  1.7

Action                   |  1- 3 |  4- 6 |  7- 9 | 10-12 || total
-------------------------+-------+-------+-------+-------++-------
Melee: Spear             |   184 |   126 |   136 |    38 ||   484
       Unarmed           |     5 |    63 |   171 |    45 ||   284
       Tailslap          |    20 |    13 |    13 |    18 ||    64
       Kick              |    13 |     5 |     5 |       ||    23
       Headbutt          |     4 |     6 |       |       ||    10
       Punch             |     1 |     1 |     4 |     6 ||    12
       Long sword        |       |       |       |    94 ||    94
 Cast: Beastly Appendage |    25 |    17 |     5 |       ||    47
       Spider Form       |       |    11 |    35 |     7 ||    53
Invok: Sacrifice Purity  |       |       |     1 |       ||     1
       Sacrifice Love    |       |       |       |     1 ||     1
 Abil: Breathe Steam     |       |       |    26 |    29 ||    55
  Use: Scroll            |     2 |     7 |     9 |     2 ||    20
       Potion            |       |       |       |     3 ||     3
 Stab: Sleeping          |       |     1 |       |       ||     1
  Eat: Chunk             |     2 |     8 |    22 |    12 ||    44
       Ration            |       |       |       |     1 ||     1
Armor: Skin              |    53 |    37 |    43 |    41 ||   174
Dodge: Dodged            |   122 |   173 |   265 |   185 ||   745
       Rpst.: Long sword |       |       |       |    26 ||    26

Table legend:
 A = Non-vault XP
 B = Vault XP
 C = Vault XP percentage of total XP
 D = Non-vault monster count
 E = Vault monster count
 F = Vault count percentage of total count
                 A         B        C        D         E       F
            +---------+---------+-------+---------+---------+-------
      Total |   11244 |    4321 |  27.8 |     248 |      17 |   6.4
            +---------+---------+-------+---------+---------+-------
        D:1 |      38 |       0 |   0.0 |      19 |       0 |   0.0
        D:2 |     170 |     223 |  56.7 |      45 |       1 |   2.2
        D:3 |     102 |       0 |   0.0 |      28 |       0 |   0.0
        D:4 |     135 |      26 |  16.1 |      11 |       2 |  15.4
        D:5 |     554 |     274 |  33.1 |      21 |       1 |   4.5
        D:6 |    1030 |       0 |   0.0 |      17 |       0 |   0.0
        D:7 |    1169 |       0 |   0.0 |      33 |       0 |   0.0
        D:8 |    3146 |     201 |   6.0 |      39 |       1 |   2.5
        D:9 |    1184 |    3002 |  71.7 |      18 |      11 |  37.9
       D:10 |    3355 |     595 |  15.1 |      16 |       1 |   5.9
     Lair:1 |     361 |       0 |   0.0 |       1 |       0 |   0.0
            +---------+---------+-------+---------+---------+-------
